 Dungeon Crawl Stone Soup version 0.30-a0-728-gc68057be0a (webtiles) character file.

Game seed: 11731940631886872788

289 sircluck the Covered (level 6, -4/52 HPs)
             Began as a Meteoran Fighter on Jan 31, 2023.
             Slain by Pikel
             ... wielding a +0 whip of freezing
              (7 damage)
             ... on level 5 of the Dungeon.
             The game lasted 00:09:51 (2199 turns).

sircluck the Covered (Meteoran Fighter)             Turns: 2199, Time: 00:09:52

Health: -4/52      AC:  7    Str: 24    XL:     6   Next: 89%
Magic:  7/7        EV: 10    Int:  9    God:
Gold:   155        SH:  5    Dex: 15    Spells: 5/5 levels left

rFire   . . .      SeeInvis .    p - +8 spear "Mucluomm" {elec, rC+ Str+5}
rCold   + . .      Faith    .    c - +0 buckler
rNeg    . . .      Spirit   .    b - +0 scale mail
rPois   .          Reflect  .    (no helmet)
rElec   .          Harm     .    v - scarf {+Inv}
rCorr   .          Rampage  .    (no gloves)
Will    .....                    (no boots) Stlth
                                 (no amulet)
HPRegen 0.28/turn                (no ring)
MPRegen 0.10/turn                (no ring)

@: glowing
A: sense surroundings 1, otherworldly, glowing, explore regen
a: Evoke Invisibility


You were on level 5 of the Dungeon.
You visited 2 branches of the dungeon, and saw 6 of its levels.

You collected 155 gold pieces.

Inventory:

Hand Weapons
 a - a +0 flail
 h - a +4 short sword
 p - the +8 spear "Mucluomm" (weapon) {elec, rC+ Str+5}
   (You found it on level 2 of the Dungeon)

   Str:       It affects your strength (+5).
   rC:        It protects you from cold.
Missiles
 e - 17 stones (quivered)
 g - 7 boomerangs
 j - 8 poisoned darts
Armour
 b - a +0 scale mail (worn)
 c - a +0 buckler (worn)
 s - a +0 pair of boots
 v - a scarf of invisibility (worn)
Wands
 w - a wand of digging (4)
Scrolls
 k - 2 scrolls of fog {unknown}
 l - a scroll of immolation {unknown}
 m - 2 scrolls of identify {unknown}
 n - a scroll of enchant armour {unknown}
 r - a scroll of silence {unknown}
Potions
 d - a potion of might
 f - 2 potions of degeneration {unknown}
 i - a potion of resistance {unknown}
 o - a potion of cancellation {unknown}
 q - 2 potions of curing {unknown}
 t - a potion of mutation {unknown}
 u - a potion of brilliance {unknown}


   Skills:
 + Level 4.1 Fighting
 + Level 2.1 Short Blades
 + Level 2.9 Maces & Flails
 + Level 2.0 Polearms
 + Level 5.3 Armour
 + Level 1.6 Dodging
 + Level 0.5 Stealth
 + Level 4.9 Shields


You had 5 spell levels left.
You didn't know any spells.
Your spell library was empty.

Dungeon Overview and Level Annotations

Branches:
Dungeon (5/15) Zot: 1063   Temple (1/1) D:4 Zot: 323

Altars:
Ashenzari
Cheibriados
Dithmenos
Fedhas
Gozag
Hepliaklqana
Makhleb
Qazlal
Ru
Sif Muna
Uskayaw
Wu Jian
Yredelemnul
Zin
The Shining One

Annotations:
D:5 Pikel


Innate Abilities, Weirdness & Mutations

You passively map a small area around you.
You are easily found by Zot.
You glow in the dark.
You regain HP and MP as you explore.


Message History

You miss Pikel. The lemure barely misses you.
You puncture Pikel!
Pikel is moderately wounded.
The lemure closely misses you.
Pikel hits you with a +0 whip of freezing.
You hit Pikel.
Pikel is moderately wounded.
The lemure hits you but does no damage. Pikel closely misses you.
You puncture Pikel!
Pikel is heavily wounded.
You block the lemure's attack. You block Pikel's attack.
Pikel hits you with a +0 whip of freezing.
Pikel freezes you. The lemure barely misses you.
You hit Pikel.
Pikel is heavily wounded.
The lemure hits you. Pikel closely misses you.
You barely miss Pikel.
Pikel is heavily wounded.
The lemure hits you.
Pikel hits you with a +0 whip of freezing.
You closely miss Pikel.
Pikel is heavily wounded.
You block the lemure's attack.
Pikel hits you with a +0 whip of freezing.
You barely miss Pikel.
Pikel is heavily wounded.
The lemure hits you but does no damage.
Pikel hits you with a +0 whip of freezing!
* * * LOW HITPOINT WARNING * * *
Pikel freezes you.
* * * LOW HITPOINT WARNING * * *
You puncture Pikel!
Pikel is severely wounded.
The lemure hits you but does no damage.
Pikel hits you with a +0 whip of freezing!
* * * LOW HITPOINT WARNING * * *
Pikel freezes you.
* * * LOW HITPOINT WARNING * * *
Pikel hits you with a +0 whip of freezing!
You die...

#..# ...........## ...#
,............. *...#,
###.......... * , * ...
#.......... #..,
#........#. .####.5 *
##.......... .....55##
##...........
......K5####............
.######@.....#####......
#...#..# ##....# ,
#.####..# #.### #.# ##.#
.# ### ## .# ## * * , *


You could see Pikel and 4 lemures.

Vanquished Creatures
  An ogre (D:5)
  2 hounds (D:3)
  2 iguanas
  3 adders
  2 gnolls
  A worm (D:4)
  5 ball pythons
  4 endoplasms
  2 giant cockroaches (D:1)
  5 goblins
  5 hobgoblins
  3 jackals (D:2)
  A quokka (D:1)
  5 bats
  2 frilled lizards (D:1)
  3 kobolds (D:1)
46 creatures vanquished.

Notes
Turn   | Place    | Note
-------+----------+-------------------------------------------
     0 | D:1      | sircluck the Meteoran Fighter began the quest for the Orb.
     0 | D:1      | Reached XP level 1. HP: 19/19 MP: 2/2
    65 | D:1      | Reached XP level 2. HP: 26/26 MP: 3/3
   210 | D:1      | Reached skill level 4 in Armour
   210 | D:1      | Reached XP level 3. HP: 21/33 MP: 4/4
   399 | D:1      | Found a faded altar of an unknown god.
   495 | D:1      | Glimpsed the power of Zot.
   778 | D:2      | Identified the +8 spear "Mucluomm" {elec, rC+ Str+5}
   941 | D:2      | Reached XP level 4. HP: 34/40 MP: 5/5
  1358 | D:3      | Reached skill level 1 in Short Blades
  1449 | D:3      | Reached XP level 5. HP: 44/46 MP: 6/6
  1455 | D:3      | Reached skill level 1 in Dodging
  1688 | D:3      | Glimpsed the power of Zot.
  1738 | D:3      | Glimpsed the power of Zot.
  1748 | D:4      | Found a staircase to the Ecumenical Temple.
  1776 | Temple   | Entered the Ecumenical Temple
  2134 | D:4      | Reached skill level 1 in Polearms
  2134 | D:4      | Reached XP level 6. HP: 52/52 MP: 7/7
  2147 | D:5      | Entered Level 5 of the Dungeon
  2147 | D:5      | Noticed an ogre
  2148 | D:5      | Killed an ogre
  2149 | D:5      | Reached skill level 5 in Armour
  2184 | D:5      | Noticed Pikel
  2198 | D:5      | HP: 2/52 [Pikel/+0 whip of freezing (1)]
  2199 | D:5      | Slain by Pikel

Illustrated notes

Levels and vault maps discovered:
D:1:      lemuel_arrival_rhombus, layout_basic, ebering_ecumenical_altar_mist,
          minivault_24, minmay_misc_feat_four_crosses, minmay_misc_feat_alley
D:2:      layout_basic
D:3:      minmay_inner_zag, layout_loops_ring, cheibrodos_gnoll_hut
D:4:      layout_rooms, minmay_overflow_temple_star_hex, temple_statues
D:5:      layout_layer_cave, minivault_19, minmay_misc_feat_tiny, uniq_ijyb,
          uniq_sigmund, uniq_pikel
Temple:   regret_index_temple_generic_petals

Skill      XL: |  1  2  3  4  5  6 |
---------------+-------------------+-----
Armour         | 4 5 |  5.3
Shields        | 4 |  4.9
Short Blades   | 1 2 |  2.1
Dodging        | 1 |  1.6
Fighting       | 4 |  4.1
Polearms       | 1 2 |  2.0
Maces & Flails | |  2.9
Stealth        | |  0.5

Action                     |  1- 3 |  4- 6 || total
---------------------------+-------+-------++-------
  Melee: Flail             |    11 |       ||    11
         Short sword       |    58 |       ||    58
         Spear             |     4 |    62 ||    66
   Stab: Sleeping          |     1 |       ||     1
 Armour: Scale mail        |    38 |    27 ||    65
  Dodge: Dodged            |    24 |    19 ||    43
  Block: Buckler           |    20 |    19 ||    39

Table legend: (Time is in decaauts)
 A = Elapsed time spent in this place.
 B = Non-inter-level travel time spent in this place.
 C = Inter-level travel time spent in this place.
 D = Time resting spent in this place.
 E = Time spent auto-exploring this place.
 F = Levels seen in this place.
 G = Mean time per level.
                   A        B        C        D        E       F      G
               +--------+--------+--------+--------+--------+-----+--------+
         Total |   2212 |   1904 |    308 |      0 |    561 |   6 |  368.7 |
       Dungeon |   1935 |   1813 |    122 |      0 |    510 |   5 |  387.0 |
        Temple |    276 |     90 |    186 |      0 |     51 |   1 |  276.0 |
               +--------+--------+--------+--------+--------+-----+--------+

Top non-repeatable levels by time:
     D:2: 847 daAuts
     D:1: 517 daAuts
     D:3: 386 daAuts
  Temple: 276 daAuts
     D:4: 131 daAuts
     D:5: 52 daAuts
